 Dungeon Crawl Stone Soup version 0.31.0-11-ge490571c62 (webtiles) character file.

Game seed: 14662421573081816218

134 NamelessAdventurer the Shooter (level 4, -1/55 HPs)
             Began as a Draconian Hunter on Jan 27, 2024.
             Slain by a mummy (13 damage)
             ... in an ossuary.
             The game lasted 00:08:29 (1163 turns).

NamelessAdventurer the Shooter (Draconian Hunter)   Turns: 1163, Time: 00:08:30

Health: -1/55      AC: 22    Str: 13    XL:     4   Next: 95%
Magic:  5/5        EV:  2    Int: 12    God:
Gold:   96         SH:  0    Dex: 14    Spells: 4/5 levels left

rFire   . . .        (no weapon)
rCold   . . .        (no shield)
rNeg    . . .        (body armour unavailable)
rPois   +            (helmet currently unavailable)
rElec   .            (cloak currently unavailable)
rCorr   .            (gloves currently unavailable)
SInv    .            (boots currently unavailable)
Will    .....        (no amulet)
Stlth   ++           (no ring)
HPRegen 0.29/turn    (no ring)
MPRegen 0.09/turn

%: no passive effects
@: tree-form (expiring)
A: stationary, stasis, torment immunity, boosted hp, AC +5, unfitting armour,
(cold-blooded)
a: no special abilities


You were in an ossuary.
You were a tree.
You visited 1 branch of the dungeon, and saw 4 of its levels.
You also visited: Ossuary.

You collected 124 gold pieces.
You spent 28 gold pieces at shops.

Inventory:

Hand Weapons
 a - a +0 shortbow of freezing
Missiles
 d - 4 boomerangs
Talismans
 g - a serpent talisman
Wands
 b - a wand of iceblast (8)
 f - a wand of polymorph (10)
Potions
 e - a potion of attraction


   Skills:
 * Level 2.7 Fighting
 * Level 4.7 Ranged Weapons
 * Level 0.5 Throwing
 * Level 2.1 Dodging
 * Level 1.3 Stealth
 * Level 1.1 Spellcasting
 * Level 0.4 Necromancy
 * Level 0.2 Evocations
 * Level 0.7 Shapeshifting


You had 4 spell levels left.
You knew the following spells:

 Your Spells              Type           Power      Damage    Failure   Level
a - Necrotise             Necr           4%         1d4       26%         1

Your spell library contained the following spells:

 Spells                   Type           Power      Damage    Failure   Level


Dungeon Overview and Level Annotations

Branches:
Dungeon (4/15)            Ossuary (1/1)
 Temple: D:4-7

Altars:
Dithmenos
Hepliaklqana
Kikubaaqudgha
Sif Muna
Vehumet

Shops:
D:2 *=


Innate Abilities, Weirdness & Mutations

You are a tree.
Your roots penetrate the ground, keeping you stationary.
You cannot be teleported.
You are immune to unholy pain and torment.
Your maximum health is greatly increased.
Your equipment is partially melded.
((Your plain brown scales are hard. (AC +5)))
You cannot fit into any form of body armour.
((You are cold-blooded and may be slowed by cold attacks.))


Message History

The kobold zombie is almost destroyed.
The hobgoblin zombie hits you but does no damage.
The kobold zombie hits you but does no damage.
You hit the kobold zombie.
You destroy the kobold zombie!
The hobgoblin zombie hits you but does no damage.
You smack the hobgoblin zombie!
You destroy the hobgoblin zombie!
Your transformation is almost over.
Aiming: Polymorph
Press: ? - help, Shift-Dir - straight line, f - you
Okay, then.
Your +0 shortbow of freezing is covered in frost.
a - a +0 shortbow of freezing (weapon)
Fire: a) +0 shortbow (freeze)
Press: ? - help, Q - select action, (/) - cycle Shift-Dir - straight line, f - mummy
Aim: a mummy (76% to hit)
You shoot an arrow. The arrow hits the mummy!
The arrow freezes the mummy.
The mummy is heavily damaged.
Unknown command.
Fire: a) +0 shortbow (freeze)
Press: ? - help, Q - select action, (/) - cycle Shift-Dir - straight line, f/p - mummy
Aim: a mummy (heavily damaged, 76% to hit)
You shoot an arrow. The arrow barely misses the mummy. x2
Unknown command.
Fire: a) +0 shortbow (freeze)
Press: ? - help, Q - select action, (/) - cycle Shift-Dir - straight line, f/p - mummy
Aim: a mummy (heavily damaged, 76% to hit)
You shoot an arrow. The arrow closely misses the mummy.
The arrow barely misses the mummy.
Unknown command.
Your +0 shortbow of freezing stops glowing.
You are now empty-handed.
You hit the mummy but do no damage.
The mummy is heavily damaged.
The mummy hits you but does no damage.
You hit the mummy.
The mummy is heavily damaged.
The mummy hits you!
You die...

#....#
#....#
#....#
#....#
#....#
#....#
#....#
#..MM#
#.∩♣.#
######


You could see 2 mummies.

Vanquished Creatures
  Ijyb (D:3)
  4 mummies (Ossuary)
  2 adders
  3 bats
  4 endoplasms
  2 giant cockroaches
  A gnoll zombie (Ossuary)
  3 goblins
  3 hobgoblins
  A kobold (D:1)
  3 quokkas
  3 ball pythons
  A frilled lizard (D:2)
  2 hobgoblin zombies (Ossuary)
  3 kobold zombies (Ossuary)
  2 orc zombies (Ossuary)
  3 rats
41 creatures vanquished.

Notes
Turn   | Place    | Note
-------+----------+-------------------------------------------
     0 | D:1      | NamelessAdventurer the Draconian Hunter began the quest for
                  | the Orb.
     0 | D:1      | Reached XP level 1. HP: 17/17 MP: 1/1
    38 | D:1      | Reached skill level 1 in Stealth
   235 | D:1      | Reached XP level 2. HP: 24/24 MP: 2/2
   242 | D:1      | You fall into a shaft and drop 1 floor!
   304 | D:2      | Reached skill level 4 in Ranged Weapons
   431 | D:2      | Found Joloex's General Store.
   440 | D:2      | Bought a scroll of identify for 28 gold pieces
   484 | D:2      | Found a hazy altar of Hepliaklqana.
   525 | D:2      | Found Myt Kuso's Jewellery Boutique.
   567 | D:2      | Reached XP level 3. HP: 30/30 MP: 3/3
   616 | D:3      | Found a shadowy altar of Dithmenos.
   711 | D:3      | Noticed Ijyb
   783 | D:3      | Found an ancient bone altar of Kikubaaqudgha.
   783 | D:3      | Found a shimmering blue altar of Sif Muna.
   788 | D:3      | Found a radiant altar of Vehumet.
   794 | D:3      | Got Kikubaaqudgha's Secrets of Cadavers
   798 | D:3      | Learned a level 1 spell: Necrotise
   946 | D:3      | Killed Ijyb
   947 | D:3      | Reached XP level 4. HP: 37/37 MP: 3/5
  1073 | D:4      | Noticed a black bear
  1075 | D:4      | Found a sand-covered staircase.
  1088 | Ossuary  | Entered an ossuary
  1128 | Ossuary  | Reached skill level 1 in Spellcasting
  1163 | Ossuary  | Slain by a mummy

Illustrated notes

Levels and vault maps discovered:
D:1:      eino_arrival_druids_welcome, layout_rooms
D:2:      layout_basic, basic_altar, serial_shops, nicolae_square_shop, shop,
          shop
D:3:      layout_rooms, grunt_temple_overflow_magic_moments,
          nicolae_dithmenos_shadow_blocks, nicolae_overflow_hidden_temple,
          chequers_serial_rivers_micro_e, uniq_ijyb
D:4:      layout_basic, nicolae_ossuary_entry_ruins, chequers_decorated_corner,
          grunt_decor_arrowhead, uniq_blork_the_orc
Ossuary:  ossuary_tomb_3

Skill      XL: |  1  2  3  4 |
---------------+-------------+-----
Stealth        | 1 |  1.3
Ranged Weapons | 4 |  4.7
Dodging        | 2 |  2.1
Spellcasting   | 1 |  1.1
Fighting       | |  2.7
Throwing       | |  0.5
Necromancy     | |  0.4
Evocations     | |  0.2
Shapeshifting  | |  0.7

Action                     |  1- 3 |  4- 6 || total
---------------------------+-------+-------++-------
  Melee: Unarmed           |       |    12 ||    12
   Fire: Shortbow          |   108 |    48 ||   156
  Evoke: Wand              |     1 |     1 ||     2
    Use: Scroll            |     8 |     1 ||     9
         Potion            |     3 |     2 ||     5
 Armour: Skin              |    47 |    30 ||    77
  Dodge: Dodged            |    63 |    22 ||    85
